 Dungeon Crawl Stone Soup version 0.14-a0-1837-g7fb8695 (webtiles) character file.

268 Jenx the Poker (level 5, -2/42 HPs)
             Began as a Hill Orc Skald on Jan 10, 2014.
             Slain by a giant frog (7 damage)
             ... in a sewer.
             The game lasted 00:10:39 (3569 turns).

Jenx the Poker (Hill Orc Skald)                     Turns: 3569, Time: 00:10:40

HP  -2/42        AC  6     Str 15      XL: 5   Next: 80%
MP   7/7         EV  9     Int 13      God:
Gold 66          SH  0     Dex 10      Spells:  3 memorised,  1 level left

rFire  + . .     SeeInvis .     a - +1,+0 orc spear
rCold  . . .     Clarity  .     o - +0 ring mail {rF+}
rNeg   . . .     Conserve .     (no shield)
rPois  .         rCorr    .     (no helmet)
rElec  .         rRot     .     (no cloak)
SustAb . .       Spirit   .     (no gloves)
rMut   .         Warding  .     e - +0 pair of dwarf boots
Saprov + . .     Stasis   .     (no amulet)
                                (no ring)
                                (no ring)

@: constricted, slightly resistant to hostile enchantments, extremely unstealthy
A: saprovore 1
a: no special abilities


You were in a sewer.
You were not hungry.

You visited 1 branch of the dungeon, and saw 3 of its levels.
You also visited: Sewer.

You collected 66 gold pieces.

Inventory:

Hand weapons
 a - a +1,+0 orcish spear (weapon)
Missiles
 p - 5 tomahawks (quivered)
Armour
 b - a +0 orcish leather armour
 e - a +0 pair of dwarven boots (worn)
 o - a +0 ring mail of fire resistance (worn)
Comestibles
 d - 2 meat rations
 h - a choko
 k - a chunk of giant newt flesh
 q - a bread ration
 u - 2 chunks of ball python flesh
Scrolls
 n - a scroll of remove curse
 r - a scroll of enchant weapon I
 t - a scroll of fear {unknown}
 y - 2 scrolls of recharging {unknown}
 z - a scroll of blinking {unknown}
Jewellery
 g - an uncursed ring of magical power {unknown}
 i - a cursed ring of teleportation {unknown}
 m - an uncursed amulet of faith {unknown}
Potions
 f - a potion of resistance {unknown}
 j - a potion of agility {unknown}
 l - a potion of poison {unknown}
 w - 2 potions of magic {unknown}
Books
 c - a book of Battle

   Spells                             Type                      Level
   *Infusion                          Charms                       1
   *Shroud of Golubria                Charms/Translocation         2
   Song of Slaying                    Charms                       2
   *Spectral Weapon                   Hexes/Charms                 3
   Regeneration                       Charms/Necromancy            3


   Skills:
 - Level 2.4 Fighting
 * Level 6.4 Polearms
 - Level 1.1 Armour
 - Level 0.7 Dodging
 - Level 1.5 Spellcasting
 - Level 2.6 Charms


You had one spell level left.
You knew the following spells:

 Your Spells              Type           Power        Failure   Level  Hunger
a - Infusion              Chrm           #.....       12%         1    ##.....
b - Shroud of Golubria    Chrm/Tloc      #.........   30%         2    ###....
c - Spectral Weapon       Hex/Chrm       #.......     65%         3    ####...


Dungeon Overview and Level Annotations

Branches:
Dungeon (3/16)

Altars:


Innate Abilities, Weirdness & Mutations

You can tolerate rotten meat.


Message History

The ball python bites you but does no damage.
The ball python constricts you. The giant frog hits you.
Unknown command.
You escape the ball python's grasp.
The giant frog closely misses you.
The giant frog hits you but does no damage.
The giant frog hits you.
* * * LOW HITPOINT WARNING * * *
The giant frog hits you.
* * * LOW HITPOINT WARNING * * *
The ball python barely misses you. The giant frog barely misses you.
The giant frog misses you.
The ball python bites you but does no damage.
The ball python grabs you. The ball python constricts you.
You escape the ball python's grasp.
The giant frog hits you but does no damage.
The giant frog hits you.
* * * LOW HITPOINT WARNING * * *
The ball python barely misses you. The ball python grabs you.
The ball python constricts you. The giant frog hits you!
You die...

####################
≈≈≈≈≈≈≈≈≈≈≈≈≈≈≈≈≈..###
.≈≈≈≈≈≈≈≈≈≈≈≈≈≈≈≈....##
.≈≈≈≈≈≈≈≈≈≈≈≈≈≈S≈≈....##
≈≈≈≈≈≈≈≈≈≈≈≈≈≈≈S≈......#
≈≈≈≈≈≈≈≈≈≈≈≈≈≈≈F@......##
≈≈≈≈≈≈≈≈≈≈≈≈≈≈≈F≈.......#
###################.....#
####....## #..'.....#
#..##....# #####....#
#.....# ##....##


You could see 2 giant frogs and 2 ball pythons.

Vanquished Creatures
  9 adders
  16 grey rats
  2 giant geckos (D:3)
  6 hobgoblins
  5 kobolds
  14 ball pythons
  4 bats
  5 giant cockroaches
  4 giant newts
  8 goblins
  17 rats
90 creatures vanquished.

Notes
Turn   | Place    | Note
--------------------------------------------------------------
     0 | D:1      | Jenx, the Hill Orc Skald, began the quest for the Orb.
     0 | D:1      | Reached XP level 1. HP: 18/18 MP: 2/2
   147 | D:1      | Reached XP level 2. HP: 23/25 MP: 3/3
   152 | D:1      | Reached skill level 3 in Polearms
   467 | D:1      | Learned a level 2 spell: Shroud of Golubria
   986 | D:2      | Reached XP level 3. HP: 20/30 MP: 5/5
  1237 | D:2      | Reached skill level 4 in Polearms
  1483 | D:2      | You fall through a shaft!
  1614 | D:3      | Reached XP level 4. HP: 3/37 MP: 6/6
  1614 | D:3      | HP: 1/37 [giant cockroach (2)]
  1708 | D:3      | Found a glowing drain.
  1712 | Sewer    | Entered a sewer
  2116 | Sewer    | Learned a level 3 spell: Spectral Weapon
  2167 | Sewer    | Reached skill level 5 in Polearms
  2664 | Sewer    | Reached XP level 5. HP: 26/42 MP: 7/7
  3156 | Sewer    | Reached skill level 6 in Polearms
  3551 | Sewer    | Noticed a giant frog
  3552 | Sewer    | Noticed a giant frog
  3569 | Sewer    | Slain by a giant frog

Action                   |  1- 3 |  4- 6 || total
-------------------------+-------+-------++-------
Melee: Spear             |   139 |   213 ||   352
Throw: Tomahawk          |     5 |     7 ||    12
 Cast: Shroud of Golubri |       |     3 ||     3
  Use: Scroll            |     6 |       ||     6
       Potion            |       |     6 ||     6
